 Dungeon Crawl Stone Soup version 0.28.0-45-g0d030f2227 (webtiles) character file.

Game seed: 8840387378719829700

41 MortyMaxwell the Magician (level 3, 0/37 HPs)
             Began as a Djinni Summoner on Apr 12, 2022.
             Slain by an iron imp (1 damage)
             ... summoned by Natasha
             ... on level 3 of the Dungeon.
             The game lasted 00:10:39 (2282 turns).

MortyMaxwell the Magician (Djinni Summoner)         Turns: 2282, Time: 00:10:40

Health: 0/37       AC:  2    Str:  7    XL:     3   Next: 75%
Gold:   72         EV: 12    Int: 18    God:
                   SH:  0    Dex: 13

rFire   + + .      SeeInvis .   (no weapon)
rCold   x . .      Faith    .   (no shield)
rNeg    . . .      Spirit   .   a - +0 robe
rPois   ∞          Reflect  .   (no helmet)
rElec   .          Harm     .   (no cloak)
rCorr   .          Rampage  .   (no gloves)
Will    .....                   (boots unavailable)
Stlth   ..........              (no amulet)
HPRegen 0.12/turn               (no ring)
MPRegen 0.00/turn               (no ring)

@: berserking (expiring), flying, slowed
A: sickness immunity, fire resistance 2, cold vulnerability 1, float, innate
caster, HP casting, extra vitality 1
a: no special abilities


You were on level 3 of the Dungeon.
You visited 1 branch of the dungeon, and saw 3 of its levels.

You collected 72 gold pieces.

Inventory:

Hand Weapons
 d - a +0 hunting sling
Armour
 a - a +0 robe (worn)
Scrolls
 e - a scroll of teleportation
Potions
 b - a potion of mutation {unknown}


   Skills:
 * Level 2.5 Dodging
 * Level 1.8 Stealth
 * Level 3.9 Spellcasting


You couldn't memorise any spells.
You knew the following spells:

 Your Spells              Type           Power      Damage    Failure   Level
a - Summon Small Mammal   Summ           68%        N/A       3%          1
b - Call Imp              Summ           17%        N/A       4%          2
c - Call Canine Familiar  Summ           17%        N/A       9%          3
d - Summon Guardian Gole  Hex/Summ       17%        N/A       9%          3
e - Summon Lightning Spi  Summ/Air       17%        N/A       28%         4
f - Animate Skeleton      Necr           34%        N/A       3%          1
Your spell library was empty.

Dungeon Overview and Level Annotations

Branches:
Dungeon (3/15)

Altars:
Okawaru

Annotations:
D:3 Natasha


Innate Abilities, Weirdness & Mutations

You are immune to sickness and miasma.
You are immune to poison.
Your flesh is very heat resistant. (rF++)
You are vulnerable to cold. (rC-)
You float through the air rather than walking.
You learn spells naturally, not from books.
Your magical power is your life essence.
You have superior vitality. (+4 MHP)


Message History

Natasha claws your guardian golem but does no damage.
Natasha claws your guardian golem but does no damage.
Natasha mumbles some strange words.
Natasha claws your guardian golem but does no damage.
Natasha claws your guardian golem but does no damage.
Natasha mumbles some strange words.
The shadow imp gestures at you.
You barely resist.
Natasha stares at you and mumbles some strange words.
The magic dart hits your guardian golem.
Natasha claws your guardian golem but does no damage.
The shadow imp hits you. Natasha claws your guardian golem.
The shadow imp hits you.
The iron imp hits your guardian golem but does no damage.
Natasha claws your guardian golem. The shadow imp barely misses you.
Natasha claws your guardian golem.
The iron imp hits your guardian golem but does no damage.
The shadow imp puffs mist at you. The shadow imp hits you.
* * * LOW HITPOINT WARNING * * *
Natasha claws your guardian golem but does no damage.
You see here a +0 war axe.
It was a potion of berserk rage.
A red film seems to cover your vision as you go berserk!
You feel yourself moving faster!
You feel mighty!
The iron imp hits your guardian golem but does no damage.
The shadow imp puffs mist at you. The shadow imp barely misses you.
Natasha claws your guardian golem!
The iron imp hits your guardian golem but does no damage.
You feel a strong urge to attack something.
Natasha hisses.
Natasha claws your guardian golem.
You swap places.
Found a ring mail.
The iron imp misses you.
Natasha stares at you and mumbles some strange words.
The magic dart hits you!
* * * LOW HITPOINT WARNING * * *
You closely miss Natasha.
The shadow imp disappears in a puff of smoke!
Natasha barely misses you. The iron imp hits you.
You die...

#...# #. #### #...#
#. #... #...# #####.
###... #...# #.<...
##...[. #...# #.####
....... #...# #.#
#..... #...# #.#
#..h######...# #.####
#..5@§)..#...###.....
##.#9....#...........
# #.......#.########
#.....###.# #.....#
#.######## ###.###
#......... #.#
######... #.# #.## ..
#.#


You could see an iron imp (summoned, ally target), Natasha and a friendly
guardian golem (summoned).

Vanquished Creatures (collateral kills)
  An adder (D:2)
  3 ball pythons (D:1)
  3 bats
  5 endoplasms
  6 goblins
  4 hobgoblins
  2 quokkas (D:1)
  3 rats
27 creatures vanquished.

Notes
Turn   | Place    | Note
-------+----------+-------------------------------------------
     0 | D:1      | MortyMaxwell the Djinni Summoner began the quest for the
                  | Orb.
     0 | D:1      | Reached XP level 1. HP: 15/15 MP: 0/0
   178 | D:1      | Reached XP level 2. HP: 8/21 MP: 0/0
   727 | D:1      | Found a faded altar of an unknown god.
   736 | D:1      | Prayed at the altar of an unknown god.
   736 | D:1      | Became a worshipper of Warmaster Okawaru
   736 | D:1      | Reached * piety under Okawaru
   771 | D:1      | Fell from the grace of Okawaru
  1179 | D:1      | Reached XP level 3. HP: 24/25 MP: 0/0
  1179 | D:1      | Learned a level 1 spell: Animate Skeleton
  2267 | D:3      | Noticed Natasha
  2281 | D:3      | HP: 1/37 [Natasha/magic dart (9)]
  2282 | D:3      | Slain by an iron imp

Illustrated notes

Levels and vault maps discovered:
D:1:      dpeg_arrival_round_a, layout_basic,
          hellmonk_ecumenical_altar_leap_of_faith, solitary_fountain,
          grunt_decor_resistance
D:2:      layout_loops_ring
D:3:      layout_loops_ring, uniq_terence, uniq_natasha, uniq_jessica

Action                   || total
-------------------------++-------
Melee: Unarmed           ||     1
 Cast: Summon Small Mamm ||     8
       Call Imp          ||    30
       Animate Skeleton  ||     1
       Summon Guardian G ||     1
Invok: Renounce Religion ||     1
  Use: Scroll            ||     2
       Potion            ||     1
Armor: Robe              ||     6
Dodge: Dodged            ||    37
